[Event "Rated Blitz game"]
[Site "?"]
[Date "2021.11.14"]
[Round "?"]
[White "gingerlover101"]
[Black "SirGladysPonsonby"]
[Result "1-0"]
[ECO "C42"]
[WhiteElo "2372"]
[BlackElo "2403"]
[PlyCount "55"]
[EventDate "2021.??.??"]
[EventType "blitz"]
[TimeControl "180"]

1. e4 e5 2. Nf3 Nf6 3. Nxe5 d6 4. Nxf7 Kxf7 5. d4 c5 6. Bc4+ Be6 7. d5 Bc8 8.
O-O Nbd7 9. f4 Nb6 10. Bd3 g6 11. c4 Bg7 12. e5 Ne8 13. e6+ Ke7 14. f5 Nf6 15.
Bg5 Rf8 16. fxg6 hxg6 17. Qf3 a6 18. Bxg6 Na4 19. Bf7 Rxf7 20. exf7 Qh8 21.
Bxf6+ Bxf6 22. Qxf6+ Qxf6 23. Rxf6 Bg4 24. Rf2 Bh5 25. b3 Nb6 26. Nc3 Bxf7 27.
Re1+ Kf8 28. Ref1 {Normal} 1-0

[Event "Rated Blitz game"]
[Site "?"]
[Date "2021.11.13"]
[Round "?"]
[White "ElkanovDavid"]
[Black "kinar1"]
[Result "0-1"]
[ECO "C42"]
[WhiteElo "2423"]
[BlackElo "2453"]
[PlyCount "90"]
[EventDate "2021.??.??"]
[EventType "blitz"]
[TimeControl "180+2"]

1. e4 e5 2. Nf3 Nf6 3. Nxe5 d6 4. Nxf7 Kxf7 5. Bc4+ Be6 6. Bxe6+ Kxe6 7. d4 Qe8
8. O-O Kd7 9. e5 Ng8 10. f4 Kc8 11. c4 g6 12. Nc3 Bg7 13. Qg4+ Nd7 14. Bd2 Ne7
15. Rae1 Nf5 16. d5 dxe5 17. fxe5 Nxe5 18. Qg5 Bh6 19. Rxf5 Bxg5 20. Rxg5 Nxc4
21. Rxe8+ Rxe8 22. Bf4 a6 23. b3 Nd6 24. h4 Ne4 25. Nxe4 Rxe4 26. g3 Kd7 27. h5
Rg8 28. h6 Re2 29. Kf1 Rge8 30. a4 Rb2 31. d6 c6 32. a5 Ree2 33. Rc5 Rh2 34.
Kg1 Rhc2 35. Rxc2 Rxc2 36. Kf1 Rb2 37. Ke1 Rxb3 38. Ke2 Ra3 39. Kf2 Rxa5 40.
Kf3 Ke6 41. Ke4 Ra4+ 42. Kd3 c5 43. Kc3 b5 44. Kd3 Rxf4 45. gxf4 Kxd6 {Normal}
0-1

[Event "Rated Blitz game"]
[Site "?"]
[Date "2021.11.13"]
[Round "?"]
[White "blackbishop79"]
[Black "adnansendur"]
[Result "0-1"]
[ECO "C42"]
[WhiteElo "2308"]
[BlackElo "2451"]
[PlyCount "78"]
[EventDate "2021.??.??"]
[EventType "blitz"]
[TimeControl "180"]

1. e4 e5 2. Nf3 Nf6 3. Nxe5 d6 4. Nxf7 Kxf7 5. Nc3 Qe8 6. d4 c5 7. Bc4+ Be6 8.
d5 Bd7 9. O-O b5 10. Bd3 b4 11. Ne2 Nxe4 12. Ng3 Nf6 13. Bg5 Be7 14. Re1 Qc8
15. Bxf6 Bxf6 16. Qh5+ g6 17. Qh6 Qf8 18. Qf4 Kg7 19. c3 bxc3 20. bxc3 Bxc3 21.
Qc4 Bxa1 22. Rxa1 Qf6 23. Rb1 Re8 24. Ne4 Qe5 25. g3 a6 26. a4 Ra7 27. Kg2 Bf5
28. Ng5 Qd4 29. Qxd4+ cxd4 30. Bxf5 gxf5 31. Ne6+ Kf6 32. Nxd4 Nd7 33. Ne6 Nc5
34. Nf4 Nxa4 35. Rc1 Nc5 36. h4 a5 37. Rd1 a4 38. Nh5+ Kf7 39. Nf4 a3 {Normal}
0-1

[Event "Rated Blitz game"]
[Site "?"]
[Date "2021.11.13"]
[Round "?"]
[White "freechess11"]
[Black "vit2014"]
[Result "1-0"]
[ECO "C42"]
[WhiteElo "2413"]
[BlackElo "2410"]
[PlyCount "67"]
[EventDate "2021.??.??"]
[EventType "blitz"]
[TimeControl "300"]

1. e4 e5 2. Nf3 Nf6 3. Nxe5 d6 4. Nxf7 Kxf7 5. Nc3 Be7 6. d4 Rf8 7. Bc4+ Be6 8.
Bxe6+ Kxe6 9. f4 Kf7 10. e5 Nfd7 11. O-O Kg8 12. Ne4 d5 13. Ng3 c5 14. c3 Nc6
15. f5 Ndxe5 16. dxe5 Nxe5 17. Bf4 Bf6 18. Qh5 Nd3 19. Rf3 Nxf4 20. Rxf4 Qd6
21. Raf1 Rae8 22. Qf3 Be5 23. Rg4 Kh8 24. Nh5 Bxh2+ 25. Kh1 Be5 26. Re1 g6 27.
fxg6 Rxf3 28. g7+ Kg8 29. gxf3 Qh6 30. Rh4 Qg5 31. Rh3 Re7 32. f4 Qg4 33. Rh2
Qf3+ 34. Kg1 {Time forfeit} 1-0

[Event "Rated Blitz game"]
[Site "?"]
[Date "2021.11.12"]
[Round "?"]
[White "wallie666"]
[Black "uasloboda"]
[Result "1-0"]
[ECO "C42"]
[WhiteElo "2514"]
[BlackElo "2505"]
[PlyCount "57"]
[EventDate "2021.??.??"]
[EventType "blitz"]
[TimeControl "180"]

1. e4 e5 2. Nf3 Nf6 3. Nxe5 d6 4. Nxf7 Kxf7 5. Nc3 c5 6. Bc4+ Be6 7. Bxe6+ Kxe6
8. O-O Nc6 9. f4 Be7 10. g4 h6 11. g5 hxg5 12. fxg5 Kf7 13. gxf6 Bxf6 14. Nd5
Qd7 15. d3 Qh3 16. Bf4 Nd4 17. c3 Nc6 18. Qf3 Qxf3 19. Rxf3 Rad8 20. Raf1 Ke6
21. Bg3 Rh6 22. Bf4 Rg6+ 23. Kh1 Rh8 24. Be3 Ne5 25. Nf4+ Kf7 26. Nxg6 Nxg6 27.
Bg5 Ne5 28. Rxf6+ gxf6 29. Bxf6 {Normal} 1-0

[Event "Rated Blitz game"]
[Site "?"]
[Date "2021.11.12"]
[Round "?"]
[White "flame2038"]
[Black "Tinandy"]
[Result "1-0"]
[ECO "C42"]
[WhiteElo "2301"]
[BlackElo "2404"]
[PlyCount "115"]
[EventDate "2021.??.??"]
[EventType "blitz"]
[TimeControl "180"]

1. e4 e5 2. Nf3 Nf6 3. Nxe5 d6 4. Nxf7 Kxf7 5. d4 Qe7 6. Nc3 Bg4 7. Qd3 Bf5 8.
f3 d5 9. Bg5 dxe4 10. fxe4 Bxe4 11. Bxf6 Bxd3+ 12. Bxe7 Bxf1 13. Bxf8 Bxg2 14.
Bxg7 Bxh1 15. Bxh8 Nd7 16. Be5 Nxe5 17. dxe5 Re8 18. O-O-O Bc6 19. Re1 Ke6 20.
Ne2 Rg8 21. Nd4+ Kd5 22. Nxc6 Kxc6 23. Re3 Kd5 24. e6 Re8 25. Rh3 Re7 26. Rh6
c5 27. Kd2 b5 28. Ke3 a5 29. Kf4 Rxe6 30. Rxe6 Kxe6 31. Kg5 c4 32. Kh6 b4 33.
Kxh7 a4 34. b3 axb3 35. axb3 cxb3 36. cxb3 Kd5 37. Kg7 Kd4 38. h4 Kc3 39. h5
Kxb3 40. h6 Kc2 41. h7 b3 42. h8=Q b2 43. Qc8+ Kb3 44. Qb7+ Ka2 45. Qa6+ Kb3
46. Qb5+ Kc2 47. Qc4+ Kb1 48. Kf6 Ka1 49. Qa4+ Kb1 50. Ke5 Kc1 51. Qc4+ Kd2 52.
Qb3 Kc1 53. Qc3+ Kb1 54. Kd4 Ka1 55. Qa5+ Kb1 56. Kc3 Kc1 57. Qa3 Kd1 58. Qxb2
{Normal} 1-0

[Event "Rated Blitz game"]
[Site "?"]
[Date "2021.11.12"]
[Round "?"]
[White "hagr135"]
[Black "compte_galere"]
[Result "0-1"]
[ECO "C42"]
[WhiteElo "2391"]
[BlackElo "2525"]
[PlyCount "82"]
[EventDate "2021.??.??"]
[EventType "blitz"]
[TimeControl "180"]

1. e4 e5 2. Nf3 Nf6 3. Nxe5 d6 4. Nxf7 Kxf7 5. d4 c5 6. dxc5 d5 7. e5 Ne4 8.
Nc3 Nxc3 9. Qf3+ Kg8 10. Qxc3 Nd7 11. Be3 Qe7 12. f4 Nxc5 13. O-O-O Be6 14. g4
Ne4 15. Qd4 Qc5 16. f5 Qxd4 17. Rxd4 Bd7 18. Rxd5 Bc6 19. Bc4 h5 20. Rd8+ Kh7
21. Rxa8 hxg4 22. Rg1 b5 23. Bf7 Bxa8 24. Rxg4 Be7 25. Bxa7 Rd8 26. Bg6+ Kg8
27. f6 Nf2 28. Bxf2 gxf6 29. Be4+ Kf8 30. Bxa8 Rxa8 31. exf6 Bxf6 32. a3 Re8
33. Bc5+ Kf7 34. b3 Re2 35. h4 Rh2 36. Bb4 Bxh4 37. Rf4+ Ke6 38. Bc3 Bg5 39.
Bd2 Rxd2 40. Re4+ Kd5 41. Rg4 Rg2+ {Normal} 0-1

[Event "Rated Blitz game"]
[Site "?"]
[Date "2021.11.12"]
[Round "?"]
[White "Der_Vagabund"]
[Black "DalaudDorian"]
[Result "1-0"]
[ECO "C42"]
[WhiteElo "2511"]
[BlackElo "2471"]
[PlyCount "119"]
[EventDate "2021.??.??"]
[EventType "blitz"]
[TimeControl "180"]

1. e4 e5 2. Nf3 Nf6 3. Nxe5 d6 4. Nxf7 Kxf7 5. Bc4+ Be6 6. Bxe6+ Kxe6 7. O-O
Be7 8. d4 Kf7 9. Nc3 Re8 10. f4 Kg8 11. e5 dxe5 12. fxe5 Nd5 13. Qf3 Nxc3 14.
bxc3 Nc6 15. Qf7+ Kh8 16. Be3 Qd7 17. Qh5 Rf8 18. Rab1 b6 19. Rf3 Rxf3 20. Qxf3
Rf8 21. Qe4 Na5 22. d5 Qf5 23. Qxf5 Rxf5 24. Bd4 Nc4 25. Re1 Kg8 26. h3 h5 27.
Kh2 h4 28. g4 hxg3+ 29. Kxg3 Kf7 30. h4 Nxe5 31. Re2 Bd6 32. Kh3 Rf3+ 33. Kg2
Rf5 34. a4 Nf3 35. Bf2 Ne5 36. Re4 Ng6 37. c4 Rf4 38. Rxf4+ Nxf4+ 39. Kf3 Kf6
40. Ke4 Ng6 41. h5 Be5 42. hxg6 Bd6 43. c5 bxc5 44. Kd3 Ke5 45. Kc4 Kf6 46.
Bxc5 Kxg6 47. Bxd6 cxd6 48. Kd4 Kf5 49. c4 g5 50. c5 dxc5+ 51. Kxc5 g4 52. d6
g3 53. d7 g2 54. d8=Q g1=Q+ 55. Kc6 Qc1+ 56. Kb7 Qb2+ 57. Kxa7 Qb4 58. Qd7+ Ke4
59. Qb5 Kd4 60. Qxb4+ {Time forfeit} 1-0

[Event "Rated Blitz game"]
[Site "?"]
[Date "2021.11.11"]
[Round "?"]
[White "Salvaged_Dirt"]
[Black "makanga3000"]
[Result "0-1"]
[ECO "C42"]
[WhiteElo "2503"]
[BlackElo "2517"]
[PlyCount "168"]
[EventDate "2021.??.??"]
[EventType "blitz"]
[TimeControl "180"]

1. e4 e5 2. Nf3 Nf6 3. Nxe5 d6 4. Nxf7 Kxf7 5. d4 d5 6. Nc3 dxe4 7. Bc4+ Be6 8.
Bxe6+ Kxe6 9. Bg5 Nbd7 10. Nxe4 Kf7 11. O-O Be7 12. Bxf6 Bxf6 13. c3 Nb6 14.
Qh5+ g6 15. Qf3 Kg7 16. Nc5 Qd5 17. Qg3 Qd6 18. Nxb7 Qxg3 19. hxg3 Nc4 20. b3
Nd6 21. Nc5 Rhe8 22. Rfe1 Nb5 23. Ne4 Rad8 24. a4 Nd6 25. Nc5 Kf7 26. g4 Bg5
27. Red1 Re2 28. Nd3 Rc2 29. Ne5+ Kg7 30. c4 Ne4 31. Nf3 Bf6 32. Rac1 Rb2 33.
g5 Nxg5 34. Nxg5 Bxg5 35. Rc3 Bf6 36. Rcd3 Rd7 37. d5 Rf7 38. c5 Be7 39. d6
cxd6 40. cxd6 Bd8 41. f3 Bb6+ 42. Kh2 Rf5 43. Kg3 Bd8 44. Kh3 Rh5+ 45. Kg4 Rh4+
46. Kg3 Rc2 47. R1d2 Rh5 48. Rxc2 Rg5+ 49. Kf2 Rf5 50. Rc7+ Rf7 51. Rxf7+ Kxf7
52. d7 Ke7 53. Re3+ Kxd7 54. Rd3+ Kc8 55. g4 Bc7 56. Ke2 Kb7 57. b4 Bb6 58. b5
Bc7 59. Rd5 Bb6 60. Kd3 Kc7 61. Ke4 Kc8 62. Rd3 Kc7 63. Rc3+ Kb7 64. Rd3 a6 65.
Rd5 axb5 66. axb5 Kc7 67. Kd3 Bc5 68. Kc4 Bd6 69. Rd3 Be7 70. Rd5 Bd6 71. Rxd6
Kxd6 72. b6 Kd7 73. b7 Ke6 74. b8=Q Kf6 75. Qg3 Kg7 76. Qh4 h6 77. Qg5 hxg5 78.
f4 Kf7 79. Kd3 Ke6 80. Ke2 Kd6 81. Kf3 Kc5 82. Kf2 Kc4 83. Ke2 Kd4 84. Kf3 gxf4
{Time forfeit} 0-1

[Event "Rated Blitz game"]
[Site "?"]
[Date "2021.11.11"]
[Round "?"]
[White "smith112358"]
[Black "GSel"]
[Result "0-1"]
[ECO "C42"]
[WhiteElo "2403"]
[BlackElo "2453"]
[PlyCount "40"]
[EventDate "2021.??.??"]
[EventType "blitz"]
[TimeControl "300"]

1. e4 e5 2. Nf3 Nf6 3. Nxe5 d6 4. Nxf7 Kxf7 5. Bc4+ d5 6. exd5 Bd6 7. O-O Rf8
8. d4 Kg8 9. f3 Nbd7 10. Nc3 Nb6 11. Bb3 Qe8 12. Qd3 Qh5 13. g3 Bf5 14. Qe2
Rae8 15. Qf2 Bh3 16. Bd2 Bxf1 17. Rxf1 Kh8 18. Qg2 Bb4 19. f4 Bxc3 20. Bxc3 Re2
{Normal} 0-1

[Event "Rated Rapid game"]
[Site "?"]
[Date "2021.11.11"]
[Round "?"]
[White "florindorache"]
[Black "BMoyooo"]
[Result "0-1"]
[ECO "C42"]
[WhiteElo "2442"]
[BlackElo "2447"]
[PlyCount "52"]
[EventDate "2021.??.??"]
[EventType "rapid"]
[TimeControl "600"]

1. e4 e5 2. Nf3 Nf6 3. Nxe5 d6 4. Nxf7 Kxf7 5. Bc4+ Be6 6. Bxe6+ Kxe6 7. O-O
Kf7 8. d4 d5 9. e5 Nfd7 10. Qf3+ Ke8 11. Qxd5 c6 12. Qb3 Nb6 13. Be3 Be7 14.
Nc3 Rf8 15. a4 Qc7 16. a5 Nd5 17. Nxd5 cxd5 18. Qxd5 Qc6 19. Qb3 Na6 20. d5 Qd7
21. d6 Bd8 22. Rfd1 Rf5 23. e6 Qb5 24. e7 Bxe7 25. dxe7 Qxb3 26. Rd8+ Kxe7 {
Normal} 0-1

[Event "Rated Blitz tournament ETmJ02Yf"]
[Site "?"]
[Date "2021.11.11"]
[Round "?"]
[White "ArchibaldCronin"]
[Black "Abanamatt"]
[Result "1-0"]
[ECO "C42"]
[WhiteElo "2354"]
[BlackElo "2454"]
[PlyCount "105"]
[EventDate "2021.??.??"]
[EventType "blitz"]
[TimeControl "180"]

1. e4 e5 2. Nf3 Nf6 3. Nxe5 d6 4. Nxf7 Kxf7 5. d4 c5 6. c3 Be7 7. Bd3 Rf8 8.
O-O Kg8 9. h3 Nc6 10. Be3 d5 11. e5 Ne4 12. Nd2 Nxd2 13. Qxd2 cxd4 14. cxd4 Bf5
15. f4 Qa5 16. Qe2 Rad8 17. g4 Be4 18. a3 Qa4 19. Bb5 Qa5 20. b4 Qb6 21. Rad1
a5 22. bxa5 Qxa5 23. f5 Bxa3 24. f6 gxf6 25. exf6 Bd6 26. g5 Qc7 27. Bd3 Rde8
28. Bxe4 Rxe4 29. Qf2 Qd7 30. Kg2 Qe6 31. Bc1 Bb8 32. Rde1 Ba7 33. Bb2 Kf7 34.
Rxe4 Qxe4+ 35. Qf3 Bxd4 36. Qxe4 dxe4 37. Bxd4 Nxd4 38. Rb1 Rb8 39. Rb4 Ne6 40.
h4 h6 41. Rxe4 hxg5 42. hxg5 Nxg5 43. Rf4 Nh7 44. Rb4 Nxf6 45. Kf3 b5 46. Kf4
Ke6 47. Rb1 Nd5+ 48. Kf3 Kd6 49. Kf2 b4 50. Ke1 Kc5 51. Kd2 Kc4 52. Rc1+ Nc3
53. Kc2 {Time forfeit} 1-0

[Event "Rated Blitz game"]
[Site "?"]
[Date "2021.11.10"]
[Round "?"]
[White "ninamon"]
[Black "GSel"]
[Result "1-0"]
[ECO "C42"]
[WhiteElo "2351"]
[BlackElo "2461"]
[PlyCount "49"]
[EventDate "2021.??.??"]
[EventType "blitz"]
[TimeControl "300"]

1. e4 e5 2. Nf3 Nf6 3. Nxe5 d6 4. Nxf7 Kxf7 5. d4 g6 6. Nc3 Kg7 7. Bg5 Be7 8.
Qd2 h6 9. Bh4 Nxe4 10. Bxe7 Qxe7 11. Qe3 Re8 12. O-O-O Nxc3 13. Qxc3 Bf5 14.
Bc4 Qd7 15. f3 Kh7 16. g4 Be6 17. Bd3 Nc6 18. h4 Bf7 19. h5 Re7 20. Qd2 Qe6 21.
hxg6+ Bxg6 22. Qxh6+ Kg8 23. Qh8+ Kf7 24. Bxg6+ Qxg6 25. Rh7+ {Normal} 1-0

[Event "Rated Blitz game"]
[Site "?"]
[Date "2021.11.10"]
[Round "?"]
[White "davekoenig"]
[Black "Nagi-Bator"]
[Result "1-0"]
[ECO "C42"]
[WhiteElo "2417"]
[BlackElo "2349"]
[PlyCount "45"]
[EventDate "2021.??.??"]
[EventType "blitz"]
[TimeControl "180+2"]

1. e4 e5 2. Nf3 Nf6 3. Nxe5 d6 4. Nxf7 Kxf7 5. d4 Be7 6. Nc3 Rf8 7. Bc4+ Be6 8.
Bxe6+ Kxe6 9. f4 Kf7 10. e5 dxe5 11. fxe5 Nfd7 12. Qf3+ Kg8 13. Qxb7 Nb6 14.
Be3 Bg5 15. Qe4 Bxe3 16. Qxe3 Nd5 17. Qe4 Nxc3 18. bxc3 Nd7 19. O-O-O Nb6 20.
e6 Qe7 21. Rd2 Nc4 22. Re2 Qa3+ 23. Kd1 {Time forfeit} 1-0

[Event "Rated Blitz game"]
[Site "?"]
[Date "2021.11.10"]
[Round "?"]
[White "thoroughlychecked"]
[Black "Estebanrm94"]
[Result "0-1"]
[ECO "C42"]
[WhiteElo "2473"]
[BlackElo "2291"]
[PlyCount "54"]
[EventDate "2021.??.??"]
[EventType "blitz"]
[TimeControl "180"]

1. e4 e5 2. Nf3 Nf6 3. Nxe5 d6 4. Nxf7 Kxf7 5. Nc3 c5 6. Bc4+ Be6 7. Bxe6+ Kxe6
8. Qe2 Nc6 9. Qc4+ Kd7 10. O-O Ne5 11. Qb5+ Kc7 12. f4 Nc6 13. a4 Nd4 14. Qd3
Rc8 15. Nb5+ Nxb5 16. axb5 Kb8 17. Qa3 Qb6 18. d3 d5 19. e5 Ng4 20. d4 cxd4 21.
Qd3 Ne3 22. Rf2 Bc5 23. Re2 Rhf8 24. g3 g5 25. c3 gxf4 26. gxf4 Rxf4 27. cxd4
Rg8+ {Normal} 0-1

[Event "Rated Blitz game"]
[Site "?"]
[Date "2021.11.10"]
[Round "?"]
[White "Tintyn"]
[Black "playingonthephone6"]
[Result "0-1"]
[ECO "C42"]
[WhiteElo "2458"]
[BlackElo "2480"]
[PlyCount "52"]
[EventDate "2021.??.??"]
[EventType "blitz"]
[TimeControl "180"]

1. e4 e5 2. Nf3 Nf6 3. Nxe5 d6 4. Nxf7 Kxf7 5. Bc4+ Be6 6. Bxe6+ Kxe6 7. O-O
Kd7 8. d4 Kc8 9. Nc3 Nbd7 10. Bg5 Be7 11. Re1 Re8 12. e5 dxe5 13. dxe5 Ng8 14.
Bf4 Kb8 15. Qg4 Nf8 16. Rad1 Qc8 17. Qxg7 Ne6 18. Qg3 a5 19. Nd5 Ra6 20. c4 Bc5
21. Nf6 Nxf6 22. exf6 Nxf4 23. Qxf4 Rf8 24. f7 Rd6 25. Rxd6 Bxd6 26. Qf6 Qd7 {
Normal} 0-1

[Event "Rated Blitz game"]
[Site "?"]
[Date "2021.11.10"]
[Round "?"]
[White "theScot"]
[Black "hima_saber80"]
[Result "1-0"]
[ECO "C42"]
[WhiteElo "2577"]
[BlackElo "2522"]
[PlyCount "73"]
[EventDate "2021.??.??"]
[EventType "blitz"]
[TimeControl "180"]

1. e4 e5 2. Nf3 Nf6 3. Nxe5 d6 4. Nxf7 Kxf7 5. d4 c6 6. Nc3 b5 7. Bd3 a5 8. O-O
Be6 9. f4 b4 10. Ne2 c5 11. f5 Bd7 12. Bc4+ Ke8 13. e5 d5 14. exf6 dxc4 15. Nf4
Qxf6 16. Re1+ Kd8 17. d5 Bd6 18. Ne6+ Bxe6 19. Rxe6 Qf8 20. Bg5+ Kc7 21. Qf3
Nd7 22. Bf4 Ra6 23. Rae1 g6 24. Qg3 Bxf4 25. Qxf4+ Kb7 26. Rxa6 Kxa6 27. Qc7
Nb6 28. Re6 Qb8 29. Qxc5 gxf5 30. a4 Rc8 31. Qb5+ Ka7 32. Qxa5+ Kb7 33. Rxb6+
Kc7 34. Rxb8+ Kxb8 35. Qxb4+ Ka8 36. d6 Rc6 37. d7 {Time forfeit} 1-0

[Event "Rated Blitz game"]
[Site "?"]
[Date "2021.11.10"]
[Round "?"]
[White "TheMachucaRook"]
[Black "adnansendur"]
[Result "0-1"]
[ECO "C42"]
[WhiteElo "2371"]
[BlackElo "2454"]
[PlyCount "24"]
[EventDate "2021.??.??"]
[EventType "blitz"]
[TimeControl "180"]

1. e4 e5 2. Nf3 Nf6 3. Nxe5 d6 4. Nxf7 Kxf7 5. Nc3 Qe8 6. Qf3 c5 7. Bb5 Nc6 8.
O-O Bd7 9. Bc4+ Be6 10. Nd5 Ne5 11. Qb3 Nxc4 12. Qxc4 b5 {Normal} 0-1

[Event "Rated Blitz game"]
[Site "?"]
[Date "2021.11.10"]
[Round "?"]
[White "Andrey_Volk0v"]
[Black "Prayer791"]
[Result "1-0"]
[ECO "C42"]
[WhiteElo "2635"]
[BlackElo "2657"]
[PlyCount "37"]
[EventDate "2021.??.??"]
[EventType "blitz"]
[TimeControl "180"]

1. e4 e5 2. Nf3 Nf6 3. Nxe5 d6 4. Nxf7 Kxf7 5. d4 Be6 6. h3 g6 7. Nc3 Bg7 8. d5
Bc8 9. Bg5 Re8 10. Be2 Kg8 11. f4 h6 12. Bh4 g5 13. fxg5 Nxe4 14. O-O hxg5 15.
Be1 Nd7 16. Bh5 Nxc3 17. Bf7+ Kh7 18. Qh5+ Bh6 19. Qg6+ {Normal} 1-0

[Event "Rated Blitz game"]
[Site "?"]
[Date "2021.11.09"]
[Round "?"]
[White "RatzFatzWeg"]
[Black "TheGratefulDead"]
[Result "1-0"]
[ECO "C42"]
[WhiteElo "2478"]
[BlackElo "2440"]
[PlyCount "31"]
[EventDate "2021.??.??"]
[EventType "blitz"]
[TimeControl "180+2"]

1. e4 e5 2. Nf3 Nf6 3. Nxe5 d6 4. Nxf7 Kxf7 5. Nc3 Be7 6. Bc4+ Be6 7. Bxe6+
Kxe6 8. d4 c5 9. O-O cxd4 10. Qxd4 Nc6 11. Qc4+ Kd7 12. Bf4 Rc8 13. Rad1 Qa5
14. Qf7 Qh5 15. Rxd6+ Kc7 16. Rxf6+ {Normal} 1-0

[Event "Rated Blitz game"]
[Site "?"]
[Date "2021.11.09"]
[Round "?"]
[White "RealGrandgousier"]
[Black "renavacio90"]
[Result "0-1"]
[ECO "C42"]
[WhiteElo "2349"]
[BlackElo "2484"]
[PlyCount "46"]
[EventDate "2021.??.??"]
[EventType "blitz"]
[TimeControl "180"]

1. e4 e5 2. Nf3 Nf6 3. Nxe5 d6 4. Nxf7 Kxf7 5. d4 c5 6. Bc4+ d5 7. exd5 Bd6 8.
O-O Bg4 9. f3 Bf5 10. Be3 Re8 11. Bf2 Qc7 12. h3 Nbd7 13. dxc5 Nxc5 14. Nc3 a6
15. a4 Kg8 16. Ba2 Kh8 17. g4 Bg6 18. h4 Rad8 19. h5 Bf7 20. h6 Bg3 21. hxg7+
Kg8 22. Qd4 Bxf2+ 23. Kxf2 Qh2# {Normal} 0-1

[Event "Rated Blitz game"]
[Site "?"]
[Date "2021.11.08"]
[Round "?"]
[White "Raspje"]
[Black "LordDavos"]
[Result "0-1"]
[ECO "C42"]
[WhiteElo "2443"]
[BlackElo "2318"]
[PlyCount "116"]
[EventDate "2021.??.??"]
[EventType "blitz"]
[TimeControl "180"]

1. e4 e5 2. Nf3 Nf6 3. Nxe5 d6 4. Nxf7 Kxf7 5. d4 Be6 6. Bd3 Be7 7. O-O Rf8 8.
f4 Kg8 9. f5 Bf7 10. c3 c5 11. Be3 Nc6 12. Nd2 Qb6 13. Nf3 cxd4 14. cxd4 Ng4
15. Qd2 Nxe3 16. Qxe3 Bf6 17. Kh1 Nxd4 18. Ng5 Nc6 19. Qg3 Rae8 20. Nxf7 Rxf7
21. Rae1 Ne5 22. Bc2 Qxb2 23. Bb3 a5 24. Bxf7+ Kxf7 25. Qh3 Kg8 26. Rd1 Nc4 27.
Rfe1 Qc2 28. Qb3 Qxb3 29. axb3 Bc3 30. Re2 Nd2 31. Rdxd2 Bxd2 32. Rxd2 Rxe4 33.
Kg1 Rb4 34. Rd3 Kf7 35. h3 Kf6 36. g4 Ke5 37. Kf2 d5 38. Kf3 d4 39. h4 b5 40.
h5 a4 41. bxa4 bxa4 42. Rd1 Rb3+ 43. Kg2 d3 44. Re1+ Kd4 45. g5 d2 46. Rd1 Rd3
47. f6 gxf6 48. g6 hxg6 49. hxg6 Ke3 50. g7 Rd8 51. Rf1 Rg8 52. Rf3+ Ke2 53.
Rf2+ Kd3 54. Rf3+ Kc2 55. Rf2 Rxg7+ 56. Kh3 Kc1 57. Rxf6 d1=Q 58. Rc6+ Qc2 {
Normal} 0-1

[Event "Rated Blitz game"]
[Site "?"]
[Date "2021.11.08"]
[Round "?"]
[White "Shadoow_2183"]
[Black "Westqz"]
[Result "1-0"]
[ECO "C42"]
[WhiteElo "2405"]
[BlackElo "2356"]
[PlyCount "47"]
[EventDate "2021.??.??"]
[EventType "blitz"]
[TimeControl "180"]

1. e4 e5 2. Nf3 Nf6 3. Nxe5 d6 4. Nxf7 Kxf7 5. Bc4+ Be6 6. Bxe6+ Kxe6 7. O-O
Nc6 8. f4 Kf7 9. Nc3 Be7 10. d4 Rf8 11. e5 Kg8 12. exf6 Bxf6 13. d5 Re8 14.
dxc6 bxc6 15. Qf3 d5 16. Bd2 Qd6 17. Rae1 Qc5+ 18. Kh1 Rad8 19. Rxe8+ Rxe8 20.
Re1 Rxe1+ 21. Bxe1 Qa5 22. g4 d4 23. Qxc6 dxc3 24. Qe8# {Normal} 1-0

[Event "Rated Blitz game"]
[Site "?"]
[Date "2021.11.08"]
[Round "?"]
[White "xperia0"]
[Black "SNOEBE"]
[Result "1-0"]
[ECO "C42"]
[WhiteElo "2659"]
[BlackElo "2530"]
[PlyCount "71"]
[EventDate "2021.??.??"]
[EventType "blitz"]
[TimeControl "180+2"]

1. e4 e5 2. Nf3 Nf6 3. Nxe5 d6 4. Nxf7 Kxf7 5. d4 Qe8 6. Nc3 c5 7. Bc4+ Be6 8.
d5 Bd7 9. Qe2 a6 10. a4 g6 11. Ra3 Bg7 12. f4 Rf8 13. e5 Kg8 14. exf6 Qxe2+ 15.
Bxe2 Bxf6 16. Ne4 Be7 17. O-O Bf5 18. Re3 Nd7 19. g4 Bxe4 20. Rxe4 Rfe8 21. g5
Bf8 22. Rxe8 Rxe8 23. Bg4 Nb6 24. Be6+ Kh8 25. b3 Bg7 26. c4 Na8 27. h4 Nc7 28.
f5 gxf5 29. Bxf5 Bd4+ 30. Kh2 Be5+ 31. Kg2 b5 32. Rf3 bxc4 33. bxc4 Rb8 34. h5
Rb4 35. h6 Rxa4 36. Bc2 {Normal} 1-0

[Event "Rated Blitz game"]
[Site "?"]
[Date "2021.11.07"]
[Round "?"]
[White "josefghng"]
[Black "Frusti"]
[Result "1-0"]
[ECO "C42"]
[WhiteElo "2533"]
[BlackElo "2608"]
[PlyCount "41"]
[EventDate "2021.??.??"]
[EventType "blitz"]
[TimeControl "300"]

1. e4 e5 2. Nf3 Nf6 3. Nxe5 d6 4. Nxf7 Kxf7 5. Bc4+ d5 6. Bb3 Qe8 7. Nc3 Bc5 8.
d4 Bb4 9. e5 Rf8 10. O-O Bxc3 11. exf6 Bb4 12. Bxd5+ Kxf6 13. Qf3+ Ke7 14. Qb3
Na6 15. c3 Qh5 16. cxb4 Bg4 17. Re1+ Kd7 18. Bxb7 Rae8 19. Be3 Nb8 20. Qd5+ Ke7
21. Bg5# {Normal} 1-0

[Event "Rated Blitz game"]
[Site "?"]
[Date "2021.11.07"]
[Round "?"]
[White "ataberktr26"]
[Black "Wernad"]
[Result "0-1"]
[ECO "C42"]
[WhiteElo "2524"]
[BlackElo "2466"]
[PlyCount "132"]
[EventDate "2021.??.??"]
[EventType "blitz"]
[TimeControl "180"]

1. e4 e5 2. Nf3 Nf6 3. Nxe5 d6 4. Nxf7 Kxf7 5. Bc4+ d5 6. exd5 Bd6 7. O-O Bg4
8. f3 Bh5 9. Nc3 Re8 10. Ne4 Kg8 11. Nxd6 Qxd6 12. d4 Nxd5 13. c3 Nd7 14. Bg5
Kh8 15. Qd2 N7f6 16. Rae1 h6 17. Bxh6 c6 18. Bg5 Bg6 19. Qf2 b5 20. Qh4+ Kg8
21. Bb3 a5 22. Rxe8+ Rxe8 23. Re1 a4 24. Bd1 Rxe1+ 25. Qxe1 Qe7 26. Qxe7 Nxe7
27. Kf2 Ned5 28. Bd2 Bb1 29. a3 Bd3 30. g4 Kf7 31. h4 Nb6 32. Bc1 Bc4 33. Bc2
Bb3 34. Bf5 Be6 35. Bb1 Nfd5 36. h5 Nc4 37. Kg3 Nce3 38. Bg6+ Kg8 39. Kf2 Nc4
40. g5 Nd6 41. Bd3 Bf5 42. Be2 Kh7 43. Bf1 Nc4 44. Bg2 Kg8 45. f4 Nd6 46. Bf3
Ne4+ 47. Kg2 Kf7 48. Be2 Nd6 49. Kf3 Be4+ 50. Kf2 Ne7 51. g6+ Kf6 52. Bg4 Nef5
53. Bd2 Nc4 54. Bc1 Bc2 55. Be2 Be4 56. Bf3 Bxf3 57. Kxf3 Ncd6 58. Ke2 Ng3+ 59.
Kd3 Nxh5 60. d5 c5 61. f5 Kxf5 62. c4 Nxc4 63. Kc3 Ng3 64. b3 Ne4+ 65. Kc2
axb3+ 66. Kb1 Nxa3+ {Time forfeit} 0-1

[Event "Rated Blitz game"]
[Site "?"]
[Date "2021.11.07"]
[Round "?"]
[White "vivek91"]
[Black "fallawneco"]
[Result "1-0"]
[ECO "C42"]
[WhiteElo "2402"]
[BlackElo "2372"]
[PlyCount "55"]
[EventDate "2021.??.??"]
[EventType "blitz"]
[TimeControl "180"]

1. e4 e5 2. Nf3 Nf6 3. Nxe5 d6 4. Nxf7 Kxf7 5. d4 c5 6. Bc4+ d5 7. exd5 Bd6 8.
O-O Qc7 9. dxc5 Qxc5 10. Bb3 Bf5 11. Nc3 a6 12. Be3 Qc7 13. h3 Nbd7 14. Qf3 Bg6
15. Bd4 Rhf8 16. Rae1 Rae8 17. Re6 Kg8 18. Rfe1 Bf7 19. g3 Nc5 20. Rxf6 Rxe1+
21. Kg2 Be5 22. d6 Qd7 23. Rxf7 Rxf7 24. Bxc5 b6 25. Ba3 Bxc3 26. bxc3 g6 27.
Qf6 Kf8 28. Qh8# {Normal} 1-0

[Event "Rated Blitz game"]
[Site "?"]
[Date "2021.11.07"]
[Round "?"]
[White "AlekseyEvdokimov"]
[Black "denflup"]
[Result "0-1"]
[ECO "C42"]
[WhiteElo "2428"]
[BlackElo "2373"]
[PlyCount "36"]
[EventDate "2021.??.??"]
[EventType "blitz"]
[TimeControl "180+2"]

1. e4 e5 2. Nf3 Nf6 3. Nxe5 d6 4. Nxf7 Kxf7 5. d4 c5 6. Bc4+ d5 7. exd5 Bd6 8.
O-O Nbd7 9. dxc5 Nxc5 10. b4 Nce4 11. Bb2 Re8 12. Bb3 Kg8 13. a3 Kh8 14. c4 Ng4
15. g3 Qg5 16. f4 Qh5 17. h4 Nxg3 18. Qf3 Qxh4 {Normal} 0-1